 Dungeon Crawl Stone Soup version 0.24-a0-123-ga2403f3 (console) character file.

Game seed: 7069046362001754577

4 Duffy the Chopper (level 1, 18/19 HPs)
             Began as a Naga Gladiator on Feb 22, 2019.
             Was a Follower of Vehumet.
             Quit the game on level 2 of the Dungeon.
             The game lasted 00:00:16 (168 turns).

Duffy the Chopper (Naga Gladiator)                   Turns: 168, Time: 00:00:17

Health: 18/19      AC:  2    Str: 16    XL:     1   Next: 70%
Magic:  1/1        EV: 10    Int:  8    God:    Vehumet [*.....]
Gold:   0          SH:  0    Dex: 12    Spells: 0/0 levels left

rFire    . . .     SeeInvis +   a - +0 war axe
rCold    . . .     Gourm    .   (no shield)
rNeg     . . .     Faith    .   b - +0 leather armour
rPois    +         Spirit   .   c - +0 helmet
rElec    .         Reflect  .   (no cloak)
rCorr    +         Harm     .   (no gloves)
MR       .....                  (no barding)
Stlth    +.........             (no amulet)
HPRegen  0.06/turn              e - ring of resist corrosion
MPRegen  0.07/turn              (no ring)

@: very slow
A: large, see invisible, deformed body, poison resistance, slowness 2, slow
metabolism 1, spit poison 1, AC +0
a: Spit Poison, Renounce Religion


You were on level 2 of the Dungeon.
You worshipped Vehumet.
Vehumet was aware of your devotion.
You were not hungry.

You visited 1 branch of the dungeon, and saw 2 of its levels.

Inventory:

Hand Weapons
 a - a +0 war axe (weapon)
Missiles
 d - 3 throwing nets (quivered)
Armour
 b - a +0 leather armour (worn)
 c - a +0 helmet (worn)
Jewellery
 e - a ring of resist corrosion (left hand)
Scrolls
 g - 2 scrolls of identify {unknown}
Comestibles
 f - a ration


   Skills:
 - Level 2.0 Fighting
 + Level 3.3 Axes
 - Level 1.7 Throwing
 - Level 2.4 Dodging


You couldn't memorise any spells.
You didn't know any spells.
Your spell library was empty.

Dungeon Overview and Level Annotations

Branches:
Dungeon (2/15)

Altars:
Vehumet


Innate Abilities, Weirdness & Mutations

You cannot wear boots.
Your serpentine skin is tough. (AC +0)
You have supernaturally acute eyesight. (SInv)
Armour fits poorly on your strangely shaped body.
Your system is resistant to poisons. (rPois)
You cover ground very slowly.
You have a slow metabolism.
You can spit poison.


Message History

A goblin comes into view.
The goblin shouts!
You slash the goblin!
You kill the goblin!
No target in view!
No target in view!
Found a sedimented purple potion.
A bat comes into view.
The bat hits you but does no damage. The bat closely misses you.
An adder comes into view.
The bat hits you.
There is a faded altar of an unknown god here.
You cannot tell which god this altar belongs to.
Convert to them anyway?
Vehumet accepts your prayer! Vehumet welcomes you!
You can now gain magical power from killing.
Vehumet offers you knowledge of Freeze. The bat barely misses you.
Are you sure you want to abandon this character and quit the game? (Confirm with "yes".)

..S.. .....# # ....# #.
....## #.##.#..#
#....!..# #..8...#
#.8@8.# #..8..# #.#
.##.....#### #.#
#.....b.....# #.#
#...........# #.#
##..........# #.#
............######.#
##........<.....##.#####
#..........#..........#


You could see an adder (sleeping) and a bat.

Vanquished Creatures
  A dart slug (D:1)
  A goblin (D:2)
  A bat (D:1)
3 creatures vanquished.

Vanquished Creatures (others)
  A hobgoblin (D:1)
1 creature vanquished.

Grand Total: 4 creatures vanquished

Notes
Turn   | Place    | Note
-------+----------+-------------------------------------------
     0 | D:1      | Duffy the Naga Gladiator began the quest for the Orb.
     0 | D:1      | Reached XP level 1. HP: 19/19 MP: 1/1
   122 | D:2      | Found a faded altar of an unknown god.
   167 | D:2      | Became a worshipper of Vehumet
   167 | D:2      | Reached * piety under Vehumet
   167 | D:2      | Offered knowledge of Freeze by Vehumet.
   168 | D:2      | Quit the game

Levels and vault maps discovered:
D:1:      shiori_arrival_oz, layout_basic, columned_hall_lemuel, minmay_vboxes
D:2:      layout_rooms, chequers_ecumenical_altar_simple

Action                   || total
-------------------------++-------
Melee: War axe           ||    10
Armor: Leather armour    ||     5
Dodge: Dodged            ||     8

Table legend:
 A = Non-vault XP
 B = Vault XP
 C = Vault XP percentage of total XP
 D = Non-vault monster count
 E = Vault monster count
 F = Vault count percentage of total count
                 A         B        C        D         E       F
            +---------+---------+-------+---------+---------+-------
      Total |       7 |       0 |   0.0 |       3 |       0 |   0.0
            +---------+---------+-------+---------+---------+-------
        D:1 |       5 |       0 |   0.0 |       2 |       0 |   0.0
        D:2 |       2 |       0 |   0.0 |       1 |       0 |   0.0
            +---------+---------+-------+---------+---------+-------
